Map: Old Republic LE

Players

EasyAI

  • Race: Protoss Protoss
  • League: Grandmaster
  • Spawn Location: 1:00

A.I. 2 (Easy) - Winner!

  • Race: Protoss Protoss
  • Spawn Location: 7:00

VOD

Have the link to the VOD?

Description

Time

  • Played on: April 17, 2026, 6:15 a.m.
  • Length: 8:02
Show
View Real Time Build Order
Export as new Build Order

EasyAI Protoss 

Build Orders: Zealot Archon 

Get SALT Encoding   

  12  0:02  Probe  
  13  0:14  Probe  
  13  0:18  Pylon  
  14  0:25  Probe  
  15  0:33  Probe  
  15  0:40  Gateway  
  15  0:41  Probe  
  16  0:47  Assimilator  
  17  0:52  Probe  
  17  0:55  Assimilator  
  18  1:00  Probe  
  18  1:09  Probe, Gateway  
  20  1:19  Probe  
  21  1:28  Cybernetics Core  
  21  1:31  Probe  
  22  1:34  Pylon  
  22  1:43  Probe  
  23  1:56  Probe  
  24  2:02  Stalker  
  24  2:04  Sentry  
  24  2:05  Warp Gate  
  28  2:12  Pylon  
  28  2:27  Nexus  
  28  2:35  Probe  
  29  2:37  Shield Battery  
  29  2:41  Stalker  
  31  2:52  Probe  
  31  2:58  Robotics Facility  
  32  3:04  Probe  
  33  3:09  Pylon  
  33  3:16  Probe  
  34  3:23  Twilight Council  
  34  3:28  Probe  
  35  3:36  Probe  
  35  3:37  Probe  
  35  3:39  Charge  
  37  3:44  Probe, Observer  
  37  3:46  Probe  
  39  3:53  Gateway  
  39  3:54  Probe  
  40  3:57  Probe  
  42  4:06  Observer, Probe  
  42  4:08  Zealot x2  
  42  4:09  Probe  
  49  4:18  Probe  
  49  4:20  Pylon  
  49  4:21  Probe  
  51  4:30  Probe  
  52  4:33  Nexus  
  52  4:36  Probe  
  53  4:44  Zealot x2  
  57  4:52  Probe x2, Assimilator  
  59  4:54  Assimilator  
  59  4:57  Gateway  
  59  5:00  Protoss Ground Weapons Level 1  
  59  5:03  Forge  
  59  5:04  Probe x2  
  60  5:14  Templar Archives  
  60  5:16  Probe  
  60  5:18  Gateway  
  60  5:21  Gateway  
  61  5:22  Probe  
  61  5:28  Zealot, Probe  
  65  5:31  Pylon  
  65  5:34  Probe  
  66  5:40  Probe  
  67  5:46  Zealot x2, Probe  
  67  5:47  Probe  
  73  5:52  Probe  
  73  5:54  High Templar x2  
  73  5:55  Probe  
  78  5:58  Probe  
  78  5:59  Archon  
  78  6:02  Pylon  
  78  6:03  Probe  
  80  6:04  Probe  
  80  6:09  High Templar x2  
  80  6:10  Probe  
  87  6:14  Archon, Probe  
  87  6:16  Probe  
  89  6:18  High Templar  
  89  6:19  High Templar  
  89  6:21  Warp Prism  
  89  6:22  Probe  
  89  6:24  Pylon  
  89  6:25  Archon  
  96  6:26  Probe  
  96  6:28  Probe  
  96  6:32  Zealot  
  100  6:39  Gateway  
  100  6:40  Gateway, Pylon  
  100  6:42  Probe  
  100  6:46  High Templar x2  
  105  6:47  Zealot  
  105  6:49  Probe  
  105  6:51  Assimilator  
  105  6:53  Archon  
  108  6:56  Probe  
  108  6:57  Nexus  
  108  7:00  Observer  
  108  7:01  Probe  
  111  7:09  Zealot x3  
  111  7:13  Pylon  
  117  7:18  Pylon  
  117  7:30  Pylon  
  117  7:32  High Templar x2  
  117  7:33  Zealot x2  
  117  7:37  Archon, Zealot x4  
  133  7:49  Pylon  
  134  7:51  Pylon  
  136  7:59  High Templar x2  
Show
View Real Time Build Order
Export as new Build Order

A.I. 2 (Easy) Protoss - Winner!

Build Orders: 1 Gate Expand 

Get SALT Encoding   

  12  0:00  Probe  
  13  0:13  Probe  
  14  0:19  Pylon  
  14  0:25  Probe  
  15  0:34  Probe  
  16  0:51  Gateway  
  16  1:07  Nexus  
  16  1:23  Pylon  
  16  1:26  Assimilator  
  16  1:29  Zealot  
  16  1:39  Probe  
  19  1:40  Cybernetics Core  
  19  1:52  Probe  
  20  1:59  Assimilator  
  20  2:01  Probe  
  20  2:07  Zealot  
  23  2:19  Probe  
  23  2:21  Pylon  
  24  2:26  Stalker  
  24  2:28  Warp Gate  
  24  2:33  Probe  
  27  2:37  Probe  
  28  2:51  Probe  
  28  2:55  Probe  
  30  3:00  Sentry  
  30  3:02  Probe  
  33  3:08  Probe  
  33  3:10  Probe  
  34  3:18  Probe  
  35  3:20  Probe  
  35  3:26  Adept  
  37  3:27  Assimilator  
  37  3:30  Probe  
  37  3:32  Probe  
  41  3:42  Probe  
  41  3:46  Pylon  
  41  3:47  Probe  
  43  3:54  Probe  
  44  3:59  Probe, Stalker, Robotics Facility  
  47  4:08  Probe  
  47  4:09  Probe  
  48  4:16  Pylon  
  49  4:17  Probe  
  49  4:18  Probe  
  51  4:26  Probe  
  51  4:30  Probe  
  52  4:34  Probe  
  52  4:37  Stalker  
  55  4:41  Pylon  
  55  4:43  Probe  
  57  4:46  Probe, Observer  
  59  4:55  Probe  
  59  4:58  Probe  
  61  5:01  Assimilator  
  61  5:04  Observer  
  62  5:07  Probe, Sentry  
  62  5:09  Probe  
  66  5:17  Probe  
  66  5:19  Probe  
  68  5:24  Pylon  
  68  5:38  Adept  
Tags
 
Composition
Zealot Archon
Matchup
PvP
Spawn Locations
Cross Positions
Add a new tag
Caveats
  • Supply blocks, unpowered buildings, or Contaminate may cause inaccurate times.
  • Supply counts are checked every 10 seconds.